 Dungeon Crawl Stone Soup version 0.30.1-9-gdf580d7c3d (webtiles) character file.

Game seed: 11230963591844666314

40 hawla the Firebug (level 4, 0/33 HPs)
             Began as a Meteoran Fire Elementalist on Oct 21, 2023.
             Slain by an iguana (8 damage)
             ... on level 4 of the Dungeon.
             The game lasted 00:02:24 (199 turns).

hawla the Firebug (Meteoran Fire Elementalist)       Turns: 199, Time: 00:02:24

Health: 0/33       AC:  3    Str:  9    XL:     4   Next: 0%
Magic:  5/9        EV: 12    Int: 18    God:
Gold:   30         SH:  0    Dex: 15    Spells: 8/9 levels left

rFire   . . .        (no weapon)
rCold   . . .        (no shield)
rNeg    . . .        a - +0 robe
rPois   .            (no helmet)
rElec   .            e - +0 cloak
rCorr   .            (no gloves)
SInv    .            (no boots)
Will    .....        (no amulet)
Stlth   +            (no ring)
HPRegen 0.25/turn    (no ring)
MPRegen 0.11/turn

%: no passive effects
@: glowing
A: sense surroundings 1, otherworldly, glowing, explore regen
a: no special abilities


You were on level 4 of the Dungeon.
You visited 1 branch of the dungeon, and saw 4 of its levels.

You collected 30 gold pieces.

Inventory:

Armour
 a - a +0 robe (worn)
 e - a +0 cloak (worn)
Potions
 c - a potion of curing
 d - a potion of brilliance {unknown}


   Skills:
 + Level 2.5 Dodging
 - Level 1.4 Stealth
 + Level 3.2 Spellcasting
 + Level 1.2 Conjurations
 + Level 4.9 Fire Magic


You had 8 spell levels left.
You knew the following spells:

 Your Spells              Type           Power      Damage    Failure   Level
a - Foxfire               Conj/Fire      56%        2x1d6     4%          1

Your spell library contained the following spells:

 Spells                   Type           Power      Damage    Failure   Level
 Scorch                   Fire           40%        2d6       3%          2
 Inner Flame              Hex/Fire       11%        N/A       17%         3
 Volatile Blastmotes      Fire/Tloc      22%        2d11      17%         3
 Flame Wave               Conj/Fire      14%        2d6       41%         4


Dungeon Overview and Level Annotations

Branches:
Dungeon (4/15) Zot: 2201
 Temple: D:4-7

Altars:
Qazlal


Innate Abilities, Weirdness & Mutations

You passively map a small area around you.
You are easily found by Zot.
You glow in the dark.
You regain HP and MP as you explore.


Message History

The endoplasm closely misses you.
Unknown command.
You hit the endoplasm.
You kill the endoplasm!
The foxfire hits the iguana but does no damage. x2
The iguana bites you!
Ouch! That really hurt!
You have reached level 4!
You feel better. The iguana barely misses you. Magic courses through your body.
The iguana barely misses you.
Casting: Foxfire (safe; 4% risk of failure)
Confirm with . or Enter, or press ? or * to list all spells.
You don't know that spell.
Casting: Foxfire (safe; 4% risk of failure)
Confirm with . or Enter, or press ? or * to list all spells.
You conjure some foxfire!
The iguana misses you.
Casting: Foxfire (safe; 4% risk of failure)
Confirm with . or Enter, or press ? or * to list all spells.
You conjure some foxfire!
The foxfire hits the iguana.
The iguana is lightly wounded.
The foxfire hits the iguana.
The iguana is moderately wounded.
The iguana bites you!
The foxfire hits the iguana but does no damage.
The iguana is moderately wounded.
The foxfire hits the iguana but does no damage.
The iguana is moderately wounded.
Casting: Foxfire (safe; 4% risk of failure)
Confirm with . or Enter, or press ? or * to list all spells.
You conjure some foxfire!
The iguana misses you.
The foxfire hits the iguana but does no damage.
The iguana is moderately wounded.
The foxfire hits the iguana.
The iguana is heavily wounded.
Casting: Foxfire (safe; 4% risk of failure)
Confirm with . or Enter, or press ? or * to list all spells.
You conjure some foxfire!
The iguana bites you.
* * * LOW HITPOINT WARNING * * *
The iguana attacks as you move away! The iguana bites you!
You die...

* ######
##....## *
,, #......
, #...# #
, #@v# #.#
#lv###...#
, #..†..#
#..†#.#, ,
#....†#*
#..###..#
, , #..#
.#.# ,,
#..# .J .*
* #..., #.
,


You could see an iguana (ally target).

Vanquished Creatures
  3 adders
  An endoplasm (D:4)
  2 giant cockroaches
  2 hobgoblins
  2 kobolds
  3 ball pythons
  A bat (D:3)
14 creatures vanquished.

Vanquished Creatures (others)
  40 foxfires
40 creatures vanquished.

Grand Total: 54 creatures vanquished

Notes
Turn   | Place    | Note
-------+----------+-------------------------------------------
     0 | D:1      | hawla the Meteoran Fire Elementalist began the quest for
                  | the Orb.
     0 | D:1      | Reached XP level 1. HP: 14/14 MP: 5/5
    95 | D:2      | Reached skill level 4 in Fire Magic
    95 | D:2      | Reached XP level 2. HP: 20/20 MP: 4/6
   129 | D:2      | Reached XP level 3. HP: 26/26 MP: 6/8
   161 | D:3      | Found a stormy altar of Qazlal.
   191 | D:4      | Reached XP level 4. HP: 13/33 MP: 1/9
   199 | D:4      | Slain by an iguana

Illustrated notes

Levels and vault maps discovered:
D:1:      lordsloth_arrival_two_stooges, layout_basic,
          shapermc_ecumenical_altar_rom_forum, minmay_gold_behind_fungi,
          chequers_jeans, hangedman_feature_mirror, kennysheep_doodads,
          chequers_serial_rivers_micro_b
D:2:      layout_rooms, small_statue_intersection, minmay_tetromino_l4
D:3:      layout_rooms, mainiacjoe_overflow_catwalk, lemuel_tele_altar,
          hangedman_decor_peaks_small, serial_bayou_lagoon_a
D:4:      layout_gridville, nicolae_ru_awakened_eye, minmay_starry_boxes

Skill      XL: |  1  2  3 |
---------------+----------+-----
Fire Magic     | 4 |  4.9
Spellcasting   | 3 |  3.2
Dodging        | |  2.5
Stealth        | |  1.4
Conjurations   | |  1.2

Action                     |  1- 3 |  4- 6 || total
---------------------------+-------+-------++-------
  Melee: Unarmed           |     5 |       ||     5
   Cast: Foxfire           |    20 |     4 ||    24
    Use: Potion            |     1 |     2 ||     3
  Dodge: Dodged            |    11 |     4 ||    15
